 Dungeon Crawl Stone Soup version 0.28.0-53-g5a82cb258f (webtiles) character file.

Game seed: 9241009373571611473

83 ultragoat the Covered (level 4, -3/41 HPs)
             Began as a Minotaur Fighter on May 26, 2022.
             Killed by divine providence
             ... invoked by an orc priest
              (13 damage)
             ... on level 3 of the Dungeon.
             The game lasted 00:04:59 (2039 turns).

ultragoat the Covered (Minotaur Fighter)            Turns: 2039, Time: 00:05:00

Health: -3/41      AC:  9    Str: 22    XL:     4   Next: 22%
Magic:  3/3        EV:  8    Int:  5    God:
Gold:   135        SH:  8    Dex: 10    Spells: 3/3 levels left

rFire   . . .      SeeInvis .   a - +0 war axe
rCold   . . .      Faith    .   h - +0 kite shield
rNeg    . . .      Spirit   .   b - +0 scale mail
rPois   .          Reflect  .   k - +1 hat
rElec   .          Harm     .   (no cloak)
rCorr   .          Rampage  .   g - +0 pair of gloves
Will    .....                   (no boots)
Stlth   ..........              (no amulet)
HPRegen 0.13/turn               (no ring)
MPRegen 0.08/turn               (no ring)

@: no status effects
A: horns 2, retaliatory headbutt
a: no special abilities


You were on level 3 of the Dungeon.
You visited 1 branch of the dungeon, and saw 3 of its levels.

You collected 135 gold pieces.

Inventory:

Hand Weapons
 a - a +0 war axe (weapon)
Missiles
 i - 2 javelins (quivered)
Armour
 b - a +0 scale mail (worn)
 g - a +0 pair of gloves (worn)
 h - a +0 kite shield (worn)
 k - a +1 hat (worn)
Scrolls
 c - a scroll of enchant armour {unknown}
 e - 2 scrolls of magic mapping
 f - a scroll of immolation
Potions
 d - 2 potions of might
 j - a potion of degeneration {unknown}
 l - a potion of magic {unknown}
 m - a potion of curing {unknown}


   Skills:
 + Level 4.3 Fighting
 + Level 3.4 Axes
 * Level 0.3 Throwing
 + Level 4.4 Armour
 - Level 4.3 Shields


You had 3 spell levels left.
You didn't know any spells.
Your spell library was empty.

Dungeon Overview and Level Annotations

Branches:
Dungeon (3/15)

Altars:


Innate Abilities, Weirdness & Mutations

You have a pair of horns on your head.
You reflexively headbutt those who attack you in melee.


Message History

A bat comes into view.
You block the bat's attack. The bat hits you but does no damage.
The bat hits you but does no damage. 2 orcs come into view.
The orc shouts! x2
The bat hits you but does no damage.
An orc priest comes into view. It is wielding a +0 falchion.
The orc priest shouts!
You hit the bat but do no damage. The bat hits you but does no damage.
The bat closely misses you.
You miss the bat. The bat barely misses you.
You hit the bat.
You kill the bat!
You closely miss the orc. The orc closely misses you. You furiously retaliate!
You headbutt the orc!
You kill the orc!
The orc hits you with a +0 hand axe.
You barely miss the orc. You closely miss the orc priest.
Your headbutt misses the orc priest. You hit the orc.
The orc hits you with a +0 hand axe. You block the orc priest's attack.
The orc hits you but does no damage.
You hit the orc priest but do no damage.
Your headbutt misses the orc priest. You hit the orc.
You kill the orc!
You block the orc priest's attack.
You completely miss the orc priest.
The orc priest hits you with a +0 falchion.
The orc priest mumbles some strange prayers to Beogh against you.
Pain shoots through your body!
You barely miss the orc priest. Your headbutt misses the orc priest.
The orc priest hits you with a +0 falchion.
You hit the orc priest.
The orc priest is lightly wounded.
The orc priest invokes the aid of Beogh against you.
Beogh smites you!
* * * LOW HITPOINT WARNING * * *
The orc priest mumbles some strange prayers to Beogh against you.
Beogh smites you!
You die...

#.........#
#.........#.#
#########(#.#
#.#.# #.#.#
#.#.# #.#.#
#.#o###
#.#@).#
#.###.#
#.....#
#.##### ###


You could see an orc priest.

Vanquished Creatures
  A gnoll (D:1)
  An adder (D:2)
  2 orcs (D:3)
  4 ball pythons
  4 endoplasms (D:1)
  4 giant cockroaches
  4 goblins (D:1)
  8 hobgoblins
  6 jackals (D:1)
  3 quokkas
  3 bats
  4 frilled lizards
  5 kobolds
  6 rats
55 creatures vanquished.

Notes
Turn   | Place    | Note
-------+----------+-------------------------------------------
     0 | D:1      | ultragoat the Minotaur Fighter began the quest for the Orb.
     0 | D:1      | Reached XP level 1. HP: 19/19 MP: 0/0
    55 | D:1      | Reached XP level 2. HP: 27/27 MP: 1/1
   180 | D:1      | Found a faded altar of an unknown god.
   695 | D:1      | Reached XP level 3. HP: 9/33 MP: 2/2
  1484 | D:2      | Reached XP level 4. HP: 32/41 MP: 3/3
  2039 | D:3      | Killed from afar by an orc priest

Illustrated notes

Levels and vault maps discovered:
D:1:      psy_arrival_conway, layout_basic, shapermc_ecumenical_altar_notcrosses
D:2:      layout_basic
D:3:      layout_basic

Skill      XL: |  1  2 |
---------------+-------+-----
Fighting       | 4 |  4.3
Armour         | 4 |  4.4
Shields        | 4 |  4.3
Axes           | 3 |  3.4
Throwing       | |  0.3

Action                   |  1- 3 |  4- 6 || total
-------------------------+-------+-------++-------
Melee: War axe           |    95 |    35 ||   130
       Headbutt          |    11 |     1 ||    12
Throw: Javelin           |       |     5 ||     5
  Use: Scroll            |     3 |       ||     3
Armor: Scale mail        |    43 |    15 ||    58
Dodge: Dodged            |    49 |    16 ||    65
Block: Buckler           |     7 |       ||     7
       Kite shield       |    25 |    16 ||    41
